 Dungeon Crawl Stone Soup version 0.32-a0-872-g59262bd (webtiles) character file.

Game seed: 8929429685350939119

1992 lyrin the Slasher (level 9, -4/66 HPs)
             Began as a Coglin Warper on Mar 30, 2024.
             Was an Initiate of Yredelemnul.
             Slain by a yak (9 damage)
             ... on level 4 of the Dungeon.
             The game lasted 00:11:45 (7744 turns).

lyrin the Slasher (Coglin Warper)                   Turns: 7744, Time: 00:11:46

Health: -4/66      AC:  7    Str: 12    XL:     9   Next: 21%
Magic:  12/12      EV: 12    Int: 12    God:    Yredelemnul [......]
Gold:   342        SH:  0    Dex: 18    Spells: 12/12 levels left

rFire   . . .        a - +0 falchion {Prani}
rCold   . . .        w - +2 dagger (vamp) {Juan}
rNeg    . . .        y - +3 leather armour {Will+}
rPois   .            o - +0 helmet
rElec   .            (no cloak)
rCorr   .            (no gloves)
SInv    .            (no boots)
Will    +....        (amulet unavailable)
Stlth   ++           (ring unavailable)
HPRegen 0.31/turn    (ring unavailable)
MPRegen 0.13/turn    (no gizmo)

%: no passive effects
@: wreathed by umbra, revving
A: off-hand wielding, slow wielding, warmup strikes, no jewellery
a: Invent Gizmo, Renounce Religion, Light the Black Torch, Recall Undead Harvest


You were on level 4 of the Dungeon.
You worshipped Yredelemnul.
Yredelemnul was noncommittal.
You visited 1 branch of the dungeon, and saw 6 of its levels.

You collected 342 gold pieces.

Inventory:

Hand Weapons
 a - a +0 falchion (weapon) {Prani}
 w - a +2 vampiric dagger (offhand) {Juan}
Missiles
 d - 7 darts of dispersal (quivered)
 k - 17 poisoned darts
 q - 6 curare-tipped darts
 A - 10 silver javelins
Armour
 o - a +0 helmet (worn)
 y - a +3 leather armour of willpower (worn)
Wands
 x - a wand of warping (9)
 B - a wand of flame (28)
 C - a wand of mindburst (11)
Scrolls
 e - a scroll of summoning {unknown}
 g - 3 scrolls of teleportation
 l - 3 scrolls of revelation
 n - 2 scrolls of poison {unknown}
 r - 2 scrolls of identify {unknown}
 s - a scroll of torment {unknown}
 t - 2 scrolls of acquirement {unknown}
 u - a scroll of vulnerability {unknown}
 z - a scroll of silence {unknown}
Potions
 f - 3 potions of lignification {unknown}
 h - 2 potions of degeneration {unknown}
 i - 3 potions of curing {unknown}
 j - 2 potions of heal wounds {unknown}
 m - a potion of invisibility {unknown}
 p - 2 potions of brilliance {unknown}
 v - a potion of might {unknown}


   Skills:
 + Level 4.6 Fighting
 + Level 3.3(5.1) Short Blades
 + Level 6.5(7.0) Long Blades
 + Level 0.8 Throwing
 + Level 3.7 Armour
 + Level 4.0 Dodging
 + Level 2.3 Stealth
 + Level 2.0 Spellcasting
 + Level 3.5 Translocations
 * Level 3.1 Invocations


You had 12 spell levels left.
You didn't know any spells.
Your spell library contained the following spells:

 Spells                   Type           Power      Damage    Failure   Level
 Blink                    Tloc           18%        N/A       12%         2
 Lesser Beckoning         Tloc           18%        N/A       12%         2
 Teleport Other           Tloc           9%         N/A       24%         3
 Magic Dart               Conj           4%         1d3       34%         1
 Necrotise                Necr           4%         1d4       34%         1
 Sandblast                Erth           2%         2d4       34%         1
 Shock                    Conj/Air       4%         1d3       34%         1
 Searing Ray              Conj           2%         2d4       45%         2
 Maxwell's Portable Pile  Tloc           9%         2d(6-12)  63%         4
 Vhi's Electric Charge    Tloc/Air       10%        N/A       86%         4
 Fulminant Prism          Conj/Alch      0%         3d5       98%         4
 Conjure Ball Lightning   Conj/Air       0%         3x3d6     100%        6
 Discord                  Hex            0%         N/A       100%        8
 Disjunction              Tloc           4%         N/A       100%        8


Dungeon Overview and Level Annotations

Branches:
Dungeon (6/15)             Temple (0/1) D:6

Altars:
Ashenzari
Qazlal
Wu Jian
Yredelemnul

Shops:
D:1 *   D:4 *=[

Annotations:
D:5 1 runed translucent door, Crazy Yiuf


Innate Abilities, Weirdness & Mutations

You can wield a second weapon in your off-hand.
It takes a long time for you to wield or remove held weapons.
Your first few attacks do less damage.
You cannot equip rings or amulets.


Message History

You feel better. The orc completely misses you.
You hit the orc with your +2 vampiric dagger.
You kill the orc!
With your torch unlit, their soul goes wasted...
Things that are here:
a +1 whip of holy wrath; a +0 leather armour
There is a stone staircase leading down here.
There is a stone staircase leading up here.
You start resting.
A wraith comes into view.
A wraith is nearby!
A wraith is nearby!
You climb upwards.
Level annotation: 1 runed translucent door, Crazy Yiuf The yak bellows! x2
The yak gores you.
There is a stone staircase leading down here.
There are monsters nearby!
There are monsters nearby!
The yak attacks as it pursues you! The yak gores you.
* * * LOW HITPOINT WARNING * * *
The yak attacks as it pursues you! The yak barely misses you.
The yak attacks as it pursues you! The yak gores you!
* * * LOW HITPOINT WARNING * * *
The yak attacks as it pursues you! The yak gores you.
* * * LOW HITPOINT WARNING * * *
There is a stone staircase leading up, spattered with blood here.
You climb upwards.
There is a stone staircase leading down, spattered with blood here.
Unknown command.
You hit the yak but do no damage.
You slash the yak with your +0 falchion!
The yak gores you.
* * * LOW HITPOINT WARNING * * *
You barely miss the yak with your +0 falchion.
The yak is moderately wounded.
You completely miss the yak with your +2 vampiric dagger.
The yak gores you!
You die...
Your body rises from the dead as a mindless zombie.

##### #.#########.## ....#
###########.### #.# ###.#
###########.#########.# #.#
#.....#####.........#.# #.#
#.....###########.###.#
#.#####.....#####.........#.#
###.....'.....'...........#.#.#
....#####.....#####.#######.#.#
...............Y@##.#### #.#.#
....############)##.#### #.#.#
....# ########.##.#### #.#.##
....# ########.##.#### #....#
....# #########.##.############
##### #..........#.#..........#
#..........#.#.######.###
#..........#.#.## #.#
#..........#.#.## #.#


You could see a yak.

Vanquished Creatures
  Jeremiah (D:6)
  Sigmund (D:3)
  A kobold brigand (D:6)
  A water moccasin zombie (D:4)
  2 scorpions (D:4)
  4 wights
  A howler monkey (D:6)
  A centaur zombie (D:4)
  An orc priest (D:4)
  Ijyb (D:4)
  5 hounds
  A jelly (D:5)
  4 orc wizards
  An iguana (D:6)
  Robin (D:3)
  10 gnolls
  6 adders
  A white imp (D:6)
  3 ufetubi
  2 adder zombies (D:4)
  A dart slug (D:3)
  14 orcs
  3 bats
  8 endoplasms
  A giant cockroach (D:2)
  23 goblins
  8 hobgoblins
  9 jackals
  3 quokkas (D:2)
  5 ball pythons
  13 frilled lizards
  15 kobolds
  6 rats
157 creatures vanquished.

Vanquished Creatures (collateral kills)
  Eustachio (D:6)
  A phantom (D:5)
  A wight (D:6)
  2 bombardier beetles
  An adder (D:4)
  An orc (D:4)
  A giant cockroach (D:4)
  A jackal (D:4)
9 creatures vanquished.

Vanquished Creatures (others)
  A scorpion zombie (D:4)
  A hound zombie (D:4)
  An iguana zombie (D:6)
  An adder zombie (D:4)
  A jelly zombie (D:5)
  A gnoll zombie (D:6)
  A bombardier beetle zombie (D:6)
  A hobgoblin zombie (D:4)
  A jackal zombie (D:4)
  3 kobold zombies
  2 orc zombies (D:4)
  2 spectral ufetubi
16 creatures vanquished.

Grand Total: 182 creatures vanquished

Notes
Turn   | Place    | Note
-------+----------+-------------------------------------------
     0 | D:1      | lyrin the Coglin Warper began the quest for the Orb.
     0 | D:1      | Reached XP level 1. HP: 16/16 MP: 3/3
    57 | D:1      | Found a faded altar of an unknown god.
   101 | D:1      | Found Nyates's General Store.
   155 | D:1      | Reached XP level 2. HP: 18/22 MP: 5/5
   177 | D:1      | Reached skill level 1 in Armour
   248 | D:1      | You fall into a shaft and drop 1 floor!
   473 | D:1      | Got An Initiation into the Orphic Traditions
   603 | D:1      | Reached XP level 3. HP: 27/27 MP: 6/6
  1362 | D:2      | Reached XP level 4. HP: 30/33 MP: 7/7
  1901 | D:2      | Reached skill level 1 in Short Blades
  1907 | D:2      | Reached skill level 3 in Long Blades
  2024 | D:3      | Noticed Robin
  2122 | D:3      | Reached XP level 5. HP: 39/39 MP: 8/8
  2137 | D:3      | Killed Robin
  2337 | D:3      | Found an ornate altar of the Wu Jian Council.
  2634 | D:3      | Reached XP level 6. HP: 34/46 MP: 9/9
  2691 | D:3      | Noticed Sigmund
  2723 | D:3      | Killed Sigmund
  2724 | D:3      | Reached skill level 4 in Long Blades
  2950 | D:3      | Reached skill level 1 in Stealth
  3236 | D:4      | Reached XP level 7. HP: 45/52 MP: 10/10
  3440 | D:4      | Found a broken altar of Ashenzari.
  3505 | D:4      | Found a basalt altar of Yredelemnul.
  3607 | D:4      | Became a worshipper of Yredelemnul the Fallen
  3635 | D:4      | Reached skill level 5 in Long Blades
  3707 | D:4      | Found Baoc's Jewellery Emporium.
  3842 | D:4      | Found Yceis Elatu's Neck Hole.
  4549 | D:4      | Found Puklex's Armour Shop.
  4882 | D:5      | Entered Level 5 of the Dungeon
  5048 | D:4      | Reached skill level 1 in Invocations
  5368 | D:4      | Noticed Ijyb
  5392 | D:4      | Killed Ijyb
  5593 | D:4      | Reached XP level 8. HP: 56/60 MP: 11/11
  5753 | D:5      | Noticed a yak
  5753 | D:5      | Noticed a yak
  5753 | D:5      | Noticed a yak
  5768 | D:5      | Noticed a yak
  5888 | D:5      | Found a stormy altar of Qazlal.
  6058 | D:5      | Found a runed translucent door.
  6059 | D:5      | Noticed Crazy Yiuf
  6255 | D:5      | Noticed a yak
  6255 | D:5      | Noticed a yak
  6768 | D:6      | Noticed Jeremiah
  6795 | D:6      | Killed Jeremiah
  6796 | D:6      | Reached skill level 6 in Long Blades
  7341 | D:6      | Reached XP level 9. HP: 60/62 MP: 12/12
  7491 | D:6      | Found a staircase to the Ecumenical Temple.
  7633 | D:6      | Noticed Eustachio
  7643 | D:6      | Killed Eustachio
  7744 | D:4      | Slain by a yak

Illustrated notes

Levels and vault maps discovered:
D:1:      dpeg_arrival_shrine, layout_loops_ring,
          shapermc_ecumenical_altar_mp_highgroup, serial_shops, shop,
          minmay_misc_feat_ornament, minmay_lizard_pond
D:2:      layout_loops_corners
D:3:      layout_basic, nicolae_wu_jian_immortal_techniques,
          hangedman_abyss_or_decor_lesser_grid, minmay_misc_feat_tower,
          uniq_robin, uniq_sigmund
D:4:      kennysheep_goblin_castle, layout_basic, ashenzari_conservatory_becter,
          nicolae_yredelemnul_corpse_copse, serial_shops, kennysheep_little_box,
          nicolae_shop_gaudy_bauble, nicolae_shop_sticking_my_neck_out
D:5:      layout_basic, mainiacjoe_overflow_brackets, small_statue_intersection,
          uniq_crazy_yiuf_cottage
D:6:      layout_gridville, minmay_temple_entry_enclosed_plants, serial_shops,
          shop, minmay_fountain_box, minmay_divided_ellipse, uniq_maggie,
          uniq_menkaure, uniq_eustachio, uniq_jeremiah

Skill      XL: |  1  2  3  4  5  6  7  8  9 |
---------------+----------------------------+-----
Spellcasting   | 2 |  2.0
Armour         | 1 2 3 |  3.7
Dodging        | 2 3 4 |  4.0
Short Blades   | 1 2 3 |  3.3
Long Blades    | 3 4 5 6 |  6.5
Fighting       | 3 4 |  4.6
Stealth        | 1 2 |  2.3
Invocations    | 1 2 3 |  3.1
Throwing       | |  0.8
Translocations | |  3.5

Action                     |  1- 3 |  4- 6 |  7- 9 || total
---------------------------+-------+-------+-------++-------
  Melee: Dagger            |    86 |   152 |   276 ||   514
         Falchion          |    92 |   160 |   292 ||   544
 Invoke: Recall Undead Har |       |       |     1 ||     1
    Use: Scroll            |       |     2 |     5 ||     7
   Stab: Sleeping          |     1 |     1 |     3 ||     5
         Distracted        |       |     1 |     3 ||     4
 Armour: Leather armour    |    51 |   108 |   222 ||   381
  Dodge: Dodged            |    41 |   118 |   233 ||   392

Table legend: (Time is in decaauts)
 A = Elapsed time spent in this place.
 B = Non-inter-level travel time spent in this place.
 C = Inter-level travel time spent in this place.
 D = Time resting spent in this place.
 E = Time spent auto-exploring this place.
 F = Levels seen in this place.
 G = Mean time per level.
                   A        B        C        D        E       F      G
               +--------+--------+--------+--------+--------+-----+--------+
         Total |   7708 |   7366 |    342 |    868 |   4647 |   6 | 1284.7 |
       Dungeon |   7708 |   7366 |    342 |    868 |   4647 |   6 | 1284.7 |
               +--------+--------+--------+--------+--------+-----+--------+

Top non-repeatable levels by time:
     D:4: 2457 daAuts
     D:5: 1321 daAuts
     D:2: 1301 daAuts
     D:3: 1103 daAuts
     D:1: 822 daAuts
     D:6: 702 daAuts
